 Dungeon Crawl Stone Soup version 0.32-a0-818-gb728d0252e (webtiles) character file.

Game seed: 16404484090654400839

42 Goblin1989 the Sneak (level 3, 0/27 HPs)
             Began as a Demonspawn Brigand on Mar 24, 2024.
             Slain by a ball python (2 damage)
             ... on level 2 of the Dungeon.
             The game lasted 00:03:58 (828 turns).

Goblin1989 the Sneak (Demonspawn Brigand)            Turns: 828, Time: 00:03:59

Health: 0/27       AC:  3    Str: 11    XL:     3   Next: 35%
Magic:  3/3        EV:  0    Int: 11    God:
Gold:   52         SH:  0    Dex: 16    Spells: 2/2 levels left

rFire   . . .        a - +2 dagger
rCold   . . .        (no shield)
rNeg    . . .        b - +0 robe
rPois   .            (helmet restricted)
rElec   .            c - +0 cloak
rCorr   .            (no gloves)
SInv    .            (no boots)
Will    .....        (no amulet)
Stlth   +++          (no ring)
HPRegen 0.24/turn    (no ring)
MPRegen 0.08/turn

%: no passive effects
@: constricted
A: horns 1, powered by pain 1
a: no special abilities


You were on level 2 of the Dungeon.
You visited 1 branch of the dungeon, and saw 2 of its levels.

You collected 52 gold pieces.

Inventory:

Hand Weapons
 a - a +2 dagger (weapon)
Missiles
 d - 7 poisoned darts (quivered)
 e - 3 curare-tipped darts
 f - 64 stones
Armour
 b - a +0 robe (worn)
 c - a +0 cloak (worn)
Scrolls
 g - a scroll of fog {unknown}
 k - a scroll of identify {unknown}
 l - a scroll of enchant armour {unknown}
Potions
 h - 2 potions of enlightenment {unknown}
 i - a potion of haste {unknown}
 j - 2 potions of lignification {unknown}


   Skills:
 - Level 2.0 Fighting
 + Level 2.7 Short Blades
 - Level 1.7 Throwing
 - Level 0.8 Dodging
 + Level 4.3 Stealth


You had 2 spell levels left.
You didn't know any spells.
Your spell library was empty.

Dungeon Overview and Level Annotations

Branches:
Dungeon (2/15) Zot: 11185

Altars:


Innate Abilities, Weirdness & Mutations

You have a pair of small horns on your head.
You sometimes gain a little power by taking damage.


Message History

No target in view!
No target in view!
No target in view!
No target in view!
No target in view!
No target in view!
There is a stone staircase leading up here.
A ribbon worm comes into view.
A ribbon worm is nearby!
A ball python comes into view.
Found a fuming clear potion.
A jackal comes into view.
A jackal comes into view.
The ribbon worm bites you.
You take 3 damage, and have 24/27 hp.
You completely miss the ribbon worm.
The jackal barks! x2
You hit the ribbon worm.
The ribbon worm is lightly wounded.
The ribbon worm bites you!
You take 7 damage, and have 17/27 hp.
MASSIVE DAMAGE!!
You hit the ribbon worm but do no damage.
The ribbon worm is lightly wounded.
The ribbon worm barely misses you.
You hit the ribbon worm.
The ribbon worm is lightly wounded.
You hit the ribbon worm. You headbutt the ribbon worm.
The ribbon worm is heavily wounded.
The ribbon worm bites you!
* * * LOW HITPOINT WARNING * * *
You take 7 damage, and have 11/27 hp.
MASSIVE DAMAGE!!
You are too injured to fight recklessly!
You are too injured to fight recklessly!
You are too injured to fight recklessly!
You are too injured to fight recklessly!
You hit the ribbon worm.
The ribbon worm is severely wounded.
The ribbon worm expels a string of sticky webbing.
The stream of webbing hits you but does no damage.
You are caught in a web!
The web tears apart.
The ribbon worm bites you.
* * * LOW HITPOINT WARNING * * *
You take 6 damage, and have 5/27 hp.
MASSIVE DAMAGE!!
You barely miss the ribbon worm. Your headbutt misses the ribbon worm.
The ribbon worm is heavily wounded.
Throw: 9 darts (poison)
Press: ? - help, Q - select action, (/) - cycle Shift-Dir - straight line, f - ribbon worm
Aim: a ribbon worm (heavily wounded, 77% to hit)
You throw a poisoned dart. The poisoned dart hits the ribbon worm.
The ribbon worm is poisoned.
The ribbon worm is heavily wounded.
The ribbon worm bites you.
* * * LOW HITPOINT WARNING * * *
You take 1 damage, and have 4/27 hp.
You hit the ribbon worm. You headbutt the ribbon worm.
The ribbon worm is almost dead.
The ribbon worm barely misses you.
You hit the ribbon worm but do no damage.
The ribbon worm is severely wounded.
You hit the ribbon worm. You headbutt the ribbon worm.
You kill the ribbon worm!
The jackal bites you but does no damage.
You closely miss the jackal. The jackal barely misses you.
You hit the jackal but do no damage. The jackal barely misses you.
You hit the jackal but do no damage. The jackal closely misses you.
You hit the jackal but do no damage. The jackal barely misses you.
You hit the jackal but do no damage.
The jackal bites you but does no damage. x2
You hit the jackal but do no damage. The jackal closely misses you.
You hit the jackal.
The jackal is heavily wounded.
The jackal barely misses you.
You hit the jackal. You headbutt the jackal.
You kill the jackal!
You barely miss the ball python. Your headbutt misses the ball python.
The ball python bites you but does no damage.
The ball python closely misses you.
You completely miss the ball python.
The ball python bites you but does no damage.
The ball python grabs you. The ball python constricts you.
You hit the ball python.
The ball python is severely wounded.
The ball python completely misses you. The ball python constricts you.
* * * LOW HITPOINT WARNING * * *
You take 1 damage, and have 5/27 hp.
You completely miss the ball python. Your headbutt misses the ball python.
The ball python is moderately wounded.
The ball python bites you.
* * * LOW HITPOINT WARNING * * *
The ball python constricts you.
* * * LOW HITPOINT WARNING * * *
You take 3 damage, and have 2/27 hp.
Throw: 8 darts (poison)
Press: ? - help, Q - select action, (/) - cycle Shift-Dir - straight line, f - ball python
Aim: a ball python (moderately wounded, constricting you, 53% to hit)
You throw a poisoned dart. The poisoned dart hits the ball python.
The ball python is poisoned.
The ball python is moderately wounded.
The ball python bites you.
You die...

<..†...█ █.██.............█
..........[███.......████.█
...██..█████ ██......██ █.█
██.██..█ █...........█.█
█.██..█ ...███.......█.█
█.██..█ ██. █..█.█..█.█████
......█ ██. █..█.█..█.....█
█ ..█
█...██..█.█..█████.█.█
█hS@....█..█████.█.█
█...██...............█
██...........█████.███
█.███....█.██ █.█
█!.....█.█ █.█ █.██.███.█
█.█ █. █.█ █.█ █.█ . ..█
█.██████.█ .. ██.█
█....<...█


You could see a jackal and a ball python (poisoned).

Vanquished Creatures
  An adder (D:2)
  A dart slug (D:1)
  A ribbon worm (D:2)
  5 bats
  4 endoplasms
  2 giant cockroaches
  A goblin (D:1)
  2 hobgoblins (D:1)
  2 jackals (D:2)
  A quokka (D:1)
  A ball python (D:1)
  2 frilled lizards (D:1)
  2 kobolds
  3 rats
28 creatures vanquished.

Notes
Turn   | Place    | Note
-------+----------+-------------------------------------------
     0 | D:1      | Goblin1989 the Demonspawn Brigand began the quest for the
                  | Orb.
     0 | D:1      | Reached XP level 1. HP: 16/16 MP: 1/1
   167 | D:1      | Gained mutation: You sometimes gain a little power by
                  | taking damage. [demonic ancestry]
   167 | D:1      | Reached XP level 2. HP: 22/22 MP: 2/2
   304 | D:1      | Reached skill level 4 in Stealth
   646 | D:2      | Gained mutation: You have a pair of small horns on your
                  | head. [demonic ancestry]
   646 | D:2      | Reached XP level 3. HP: 14/27 MP: 3/3
   828 | D:2      | Slain by a ball python

Illustrated notes

Levels and vault maps discovered:
D:1:      minmay_arrival_shattered_statue, layout_rooms
D:2:      layout_loops_ring, nrook_uturn, minmay_misc_feat_rugged

Skill      XL: |  1  2 |
---------------+-------+-----
Short Blades   | 2 |  2.7
Stealth        | 4 |  4.3
Fighting       | |  2.0
Throwing       | |  1.7
Dodging        | |  0.8

Action                     || total
---------------------------++-------
  Melee: Dagger            ||   124
         Headbutt          ||     8
  Throw: Dart              ||     2
   Stab: Sleeping          ||     4
 Armour: Robe              ||    83
  Dodge: Dodged            ||   100

Table legend: (Time is in decaauts)
 A = Elapsed time spent in this place.
 B = Non-inter-level travel time spent in this place.
 C = Inter-level travel time spent in this place.
 D = Time resting spent in this place.
 E = Time spent auto-exploring this place.
 F = Levels seen in this place.
 G = Mean time per level.
                   A        B        C        D        E       F      G
               +--------+--------+--------+--------+--------+-----+--------+
         Total |    813 |    799 |     14 |      0 |    568 |   2 |  406.5 |
       Dungeon |    813 |    799 |     14 |      0 |    568 |   2 |  406.5 |
               +--------+--------+--------+--------+--------+-----+--------+

Top non-repeatable levels by time:
     D:1: 592 daAuts
     D:2: 220 daAuts
